AoeStats
← SlowHandsManu

Black Forest

507568640Analyzed
4v4 RM · 13d ago on Sep 18, 2026· 13m 53s· 8 players
Game mode
Random Map
Map size
Large (8 player)
Population
200
Speed
Normal
Resources
Standard
Victory
Conquest
Starting age
Dark Age
Ending age
Imperial Age
RankedLock teamsTeams togetherTeam positionsShared explorationLock speedFull tech treeHidden civsTurbo modeCheats
Victory
Defeat
🇨🇱 Inca · Chile
1606
+13
🇩🇪 Vietnamese · Germany
1596
+13
🇺🇸 Britons · United States
1520
+16
🇩🇪 Chinese · Germany
1379
+22
🇹🇷 Mongols · Türkiye
1597
-19
🇺🇸 Persians · United States
1559
-17
🇩🇪 Maya · Germany
1486
-14
🇬🇧 Poles · United Kingdom
1475
-14
BomBomB0
2:29 Loom
12:12 Feudal Age
Espresso
0:27 Loom
JavelinMen
3:24 Loom
9:34 Feudal Age
11:10 Double-Bit Axe
11:49 Horse Collar
Tenacious_Lee
11:26 Feudal Age
15:18 Castle Age
13:12 Horse Collar
13:21 Double-Bit Axe
DoubleZX
1:47 Loom
11:14 Feudal Age
letmebelieve
1:19 Loom
12:02 Feudal Age
15:50 Castle Age
Rabe3000
9:08 Feudal Age
11:13 Loom
14:38 Scale Barding Armor
SlowHandsManu
0:30 Loom
11:39 Feudal Age
15:20 Castle Age
13:36 Double-Bit Axe
13:57 Horse Collar
Connection lost

Rejoining the realm…

Still unreachable

The connection could not be restored.

Session expired

The server has moved on; the page needs a fresh start.